 Dungeon Crawl Stone Soup version 0.28.0-49-g6dfe1f597d (console) character file.

Game seed: 7294703207321468474

140 Faeu the Chopper (level 5, -5/70 HPs)
             Began as a Minotaur Berserker on May 15, 2022.
             Was a Believer of Trog.
             Slain by Crazy Yiuf
             ... wielding a +3 quarterstaff of chaos
              (12 damage)
             ... on level 3 of the Dungeon.
             The game lasted 00:01:38 (2717 turns).

Faeu the Chopper (Minotaur Berserker)               Turns: 2717, Time: 00:01:38

Health: -5/70      AC:  2    Str: 24    XL:     5   Next: 2%
Magic:  4/4        EV: 12    Int:  4    God:    Trog [**....]
Gold:   129        SH:  0    Dex:  9    Spells: 4/4 levels left

rFire   . . .      SeeInvis .   a - +0 hand axe {axe}
rCold   . . .      Faith    .   (no shield)
rNeg    . . .      Spirit   .   b - +0 animal skin
rPois   .          Reflect  .   (helmet restricted)
rElec   .          Harm     .   (no cloak)
rCorr   .          Rampage  .   (no gloves)
Will    .....                   (no boots)
Stlth   ..........              (no amulet)
HPRegen 0.21/turn               (no ring)
MPRegen 0.09/turn               (no ring)

@: berserking, very quick
A: horns 2, retaliatory headbutt
a: Renounce Religion, Berserk, Trog's Hand


You were on level 3 of the Dungeon.
You worshipped Trog.
Trog was pleased with you.
You visited 1 branch of the dungeon, and saw 3 of its levels.

You collected 129 gold pieces.


Innate Abilities, Weirdness & Mutations

You have a pair of horns on your head.
You reflexively headbutt those who attack you in melee.


   Skills:
 + Level 4.6 Fighting
 + Level 4.6 Axes
 + Level 3.8 Armour
 + Level 3.4 Dodging


You had 4 spell levels left.
You didn't know any spells.
Your spell library contained the following spells:

 Spells                   Type           Power      Damage    Failure   Level
 Animate Skeleton         Necr           0%         N/A       50%         1
 Beastly Appendage        Tmut           0%         N/A       50%         1
 Pain                     Necr           0%         1d4       50%         1
 Wereblood                Tmut           0%         N/A       65%         2
 Spider Form              Tmut/Pois      0%         N/A       86%         3
 Tukima's Dance           Hex            0%         N/A       86%         3
 Vampiric Draining        Necr           0%         2d6       86%         3
 Anguish                  Hex/Necr       0%         N/A       99%         4
 Summon Lightning Spire   Summ/Air       0%         N/A       99%         4
 Enfeeble                 Hex            0%         N/A       100%        7
 Storm Form               Tmut/Air       0%         N/A       100%        7
 Maxwell's Capacitive Co  Air            0%         ∞         100%        8

Inventory:

Hand Weapons
 a - a +0 hand axe (weapon) {axe}
Armour
 b - a +0 animal skin (worn)
 d - a +0 pair of gloves
   (You found it on level 1 of the Dungeon)
Wands
 n - a wand of charming (8)
   (You found it on level 3 of the Dungeon)
 o - a wand of flame (15)
   (You took it off Ijyb on level 3 of the Dungeon)
Scrolls
 e - 3 scrolls of identify {unknown}
 f - 3 scrolls of teleportation {unknown}
 j - a scroll of blinking {unknown}
 l - a scroll of magic mapping {unknown}
 m - 2 scrolls of fear {unknown}
 q - a scroll of immolation {unknown}
Potions
 c - a potion of curing {unknown}
 g - a potion of brilliance {unknown}
 h - 2 potions of invisibility {unknown}
 i - 2 potions of degeneration {unknown}
 k - a potion of might {unknown}
 p - a potion of heal wounds {unknown}

Dungeon Overview and Level Annotations

Branches:
Dungeon (3/15)

Altars:
Kikubaaqudgha
Trog

Annotations:
D:3 1 runed translucent door, Crazy Yiuf; qipq's ghost, amateur DEWz

######## .......# .#####.###
######### .# #...#
♣♣♣♣♣##.......# .# ##### ###
♣♣♣.♣...+..####.# .#
#.).#♣..♣.......# #.# .##
#...g@♣♣♣♣......# #.# ..# #)..#♣♣
♣♣..+.## #.. #.# ### ♣♣#### ###
#.######## ######### #.##.<...#
#..<..(.. #.##.##..### ######
###........
#.##.##.##.####.#..####..#######.
#.##............#........# ##.#
#.##..#.#.......##.####.## ##.#.
#.##..#.#..###...#)####.# #.#^#
#.##....................# #..##


You could see Crazy Yiuf.


Message History

There is an open door here.
The adder hisses angrily.
Qipq's ghost whispers, "Trust me.
Just give in."
A ball python comes into view.
The ball python hisses angrily.
A ball python is nearby!
A ball python is nearby!
You slash the ball python!
You kill the ball python!
Trog accepts your kill.
p - a fizzy yellow potion No target in view!
q - a scroll labelled KAMYSS JOPO No target in view!
You see here a +0 spear {polearm}.
m - 2 scrolls labelled KOENEU AREEMM (gained 1)
You now have 99 gold pieces (gained 15).
e - 3 scrolls labelled VUFEGA HITRURA (gained 1)
You now have 118 gold pieces (gained 19).
A ball python comes into view.
The ball python hisses angrily.
A ball python is nearby!
You closely miss the ball python. Your headbutt misses the ball python.
The ball python bites you but does no damage.
The ball python grabs you. The ball python constricts you.
The ball python bites you.
The ball python constricts you. 😕 HP[-1]
You take 1 damage, and now have 46/47 hp.
A ball python is nearby!
You hit the ball python.
You kill the ball python!
Trog accepts your kill.
A bat comes into view.
The bat closely misses you. 😎 HP[+1]
A bat is nearby!
You hit the bat. Your headbutt misses the bat. The bat hits you.
The bat hits you but does no damage. 😕 HP[-1]
You take 1 damage, and now have 46/47 hp.
A bat is nearby!
You miss the bat. The bat hits you but does no damage.
A bat is nearby!
The bat misses you.
A bat is nearby!
You hit the bat but do no damage. You headbutt the bat, but do no damage.
The bat hits you but does no damage. x2
A bat is nearby!
You closely miss the bat. Your headbutt misses the bat.
The bat misses you. 😎 HP[+1]
A bat is nearby!
The bat hits you but does no damage.
A bat is nearby!
You barely miss the bat. The bat completely misses you.
You furiously retaliate!
You headbutt the bat.
You kill the bat!
Trog accepts your kill.
You now have 129 gold pieces (gained 11).
There is a stone staircase leading down here.
You see here a +0 leather armour.
Key pressed, stopping explore.
No target in view!
You see here a +0 short sword {short}.
There is a stone staircase leading up here.
You see here 6 poisoned darts {throwing}.
Crazy Yiuf shouts!
No reachable target in view!
Could not explore, unopened runed door.
No reachable target in view!
Could not explore, unopened runed door.
No reachable target in view!
You open the door. You barely miss Crazy Yiuf. You headbutt Crazy Yiuf!
Crazy Yiuf hits you with a +3 quarterstaff of chaos!
Crazy Yiuf burns you. 😕 HP[-8]
You take 8 damage, and now have 39/47 hp.
You closely miss Crazy Yiuf.
Crazy Yiuf hits you with a +3 quarterstaff of chaos!
Crazy Yiuf freezes you. 😮 HP[-13]
You take 13 damage, and now have 26/47 hp.
MASSIVE DAMAGE!! (PAUSE)
You hit Crazy Yiuf but do no damage.
You headbutt Crazy Yiuf, but do no damage.
Crazy Yiuf misses you.
You closely miss Crazy Yiuf.
Crazy Yiuf hits you with a +3 quarterstaff of chaos!
* * * LOW HITPOINT WARNING * * *
Crazy Yiuf freezes you.
* * * LOW HITPOINT WARNING * * *
😨 HP[-12]
You take 12 damage, and now have 14/47 hp.
MASSIVE DAMAGE!! (PAUSE)
A red film seems to cover your vision as you go berserk!
You feel yourself moving faster!
You feel mighty!
Crazy Yiuf hits you with a +3 quarterstaff of chaos!
* * * LOW HITPOINT WARNING * * *
You are electrocuted!
You die...

Skill      XL: |  1  2  3 |
---------------+----------+-----
Fighting       | 4 |  4.6
Axes           | 4 |  4.6
Armour         | 3 |  3.8
Dodging        | 3 |  3.4

Action                   |  1- 3 |  4- 6 || total
-------------------------+-------+-------++-------
Melee: Hand axe          |    77 |    43 ||   120
       Headbutt          |    10 |     6 ||    16
       Punch             |     1 |       ||     1
Invok: Berserk           |       |     2 ||     2
 Stab: Sleeping          |     3 |       ||     3
Armor: Animal skin       |     9 |     8 ||    17
Dodge: Dodged            |    56 |    22 ||    78

Levels and vault maps discovered:
D:1:      dpeg_arrival_pond, layout_loops_cross, shapermc_ecumenical_altar_petra
D:2:      layout_basic, basic_altar
D:3:      layout_loops_ring, mainiacjoe_overflow_24_doors,
          ebering_ghost_sewer_d, uniq_crazy_yiuf_cottage, uniq_ijyb

Notes
Turn   | Place    | Note
-------+----------+-------------------------------------------
     0 | D:1      | Faeu the Minotaur Berserker began the quest for the Orb.
     0 | D:1      | Reached XP level 1. HP: 19/19 MP: 0/0
     0 | D:1      | magus.rc [v1.9.6]
    68 | D:1      | Reached XP level 2. HP: 25/27 MP: 1/1
   388 | D:1      | Found a faded altar of an unknown god.
   438 | D:1      | You pick up a book of Necromancy {forbidden} and begin
                  | reading...
   438 | D:1      | You add the spells Pain, Animate Skeleton and Vampiric
                  | Draining to your library.
   630 | D:1      | Reached skill level 4 in Fighting
   638 | D:1      | Reached skill level 4 in Axes
   866 | D:2      | Reached skill level 3 in Armour
   878 | D:2      | Reached XP level 3. HP: 33/33 MP: 2/2
  1048 | D:2      | You pick up a book of Maledictions {forbidden} and begin
                  | reading...
  1048 | D:2      | You add the spells Tukima's Dance, Anguish and Enfeeble to
                  | your library.
  1098 | D:2      | Reached ** piety under Trog
  1196 | D:2      | You pick up a book of the Sky {forbidden} and begin
                  | reading...
  1196 | D:2      | You add the spells Summon Lightning Spire, Storm Form and
                  | Maxwell's Capacitive Coupling to your library.
  1340 | D:2      | Found a bloodstained altar of Trog.
  1445 | D:3      | You pick up a book of Changes {forbidden} and begin
                  | reading...
  1445 | D:3      | You add the spells Beastly Appendage, Wereblood and Spider
                  | Form to your library.
  1463 | D:3      | Reached skill level 3 in Dodging
  1644 | D:3      | Found a runed translucent door.
  1645 | D:3      | Noticed Crazy Yiuf
  1681 | D:3      | Found an ancient bone altar of Kikubaaqudgha.
  1696 | D:3      | Reached XP level 4. HP: 37/40 MP: 3/3
  1716 | D:3      | Noticed Ijyb
  1722 | D:3      | Killed Ijyb
  2030 | D:3      | Found a runed translucent door.
  2041 | D:3      | Reached XP level 5. HP: 26/47 MP: 4/4
  2047 | D:3      | Noticed qipq's ghost (amateur DEWz)
  2717 | D:3      | HP: 7/70 [Crazy Yiuf/+3 quarterstaff of chaos (14)]
  2717 | D:3      | Slain by Crazy Yiuf

Vanquished Creatures
  Ijyb (D:3)
  An orc wizard (D:3)
  2 adders
  A gnoll (D:1)
  A worm (D:3)
  4 dart slugs
  3 orcs (D:3)
  An endoplasm (D:2)
  3 giant cockroaches
  5 goblins
  3 hobgoblins
  4 jackals (D:3)
  A quokka (D:1)
  7 ball pythons
  5 bats
  3 frilled lizards
  4 kobolds
  3 rats
52 creatures vanquished.

Table legend:
 A = Non-vault XP
 B = Vault XP
 C = Vault XP percentage of total XP
 D = Non-vault monster count
 E = Vault monster count
 F = Vault count percentage of total count
                 A         B        C        D         E       F
            +---------+---------+-------+---------+---------+-------
      Total |     166 |      35 |  17.4 |      51 |       1 |   1.9
            +---------+---------+-------+---------+---------+-------
        D:1 |      35 |       0 |   0.0 |      16 |       0 |   0.0
        D:2 |      43 |       0 |   0.0 |      15 |       0 |   0.0
        D:3 |      88 |      35 |  28.5 |      20 |       1 |   4.8
            +---------+---------+-------+---------+---------+-------

Illustrated notes

Table legend:
 A = Kills in this place as a percentage of kills in entire the game.
 B = Kills by you in this place as a percentage of kills by you in the entire game.
 C = Kills by friends in this place as a percentage of kills by friends in the entire game.
 D = Other kills in this place as a percentage of other kills in the entire game.
 E = Experience gained in this place as a percentage of experience gained in the entire game.
 F = Experience gained in this place divided by the number of levels of this place that you have seen.
                   A       B       C       D       E      F
               +-------+-------+-------+-------+-------+----------------------
         Total | 100.0 | 100.0 |   N/A |   N/A | 100.0 |  67.0
       Dungeon | 100.0 | 100.0 |   N/A |   N/A | 100.0 |  67.0
               +-------+-------+-------+-------+-------+----------------------

Table legend: (Time is in decaauts)
 A = Elapsed time spent in this place.
 B = Non-inter-level travel time spent in this place.
 C = Inter-level travel time spent in this place.
 D = Time resting spent in this place.
 E = Time spent auto-exploring this place.
 F = Levels seen in this place.
 G = Mean time per level.
                   A        B        C        D        E       F      G
               +--------+--------+--------+--------+--------+-----+--------+
         Total |   2740 |   2714 |     26 |    365 |   2036 |   3 |  913.3 |
       Dungeon |   2740 |   2714 |     26 |    365 |   2036 |   3 |  913.3 |
               +--------+--------+--------+--------+--------+-----+--------+

Top non-repeatable levels by time:
     D:3: 1300 daAuts
     D:1: 806 daAuts
     D:2: 633 daAuts
